 Dungeon Crawl Stone Soup version 0.27-a0-1532-gca18f49f40 (webtiles) character file.

Game seed: 3636363921136846423

115 ktje the Skirmisher (level 5, 0/45 HPs)
             Began as a Ghoul Warper on July 13, 2021.
             Was an Initiate of Okawaru.
             Killed by divine providence
             ... invoked by an orc priest
              (13 damage)
             ... on level 3 of the Dungeon.
             The game lasted 00:14:09 (4059 turns).

ktje the Skirmisher (Ghoul Warper)                  Turns: 4059, Time: 00:14:10

Health: 0/45       AC:  7    Str: 16    XL:     5   Next: 0%
Magic:  2/7        EV: 10    Int:  8    God:    Okawaru [......]
Gold:   148        SH:  0    Dex:  8    Spells: 6/8 levels left

rFire    . . .     SeeInvis .   k - +2 dagger (pain)
rCold    + . .     Faith    .   (no shield)
rNeg     + + +     Spirit   .   e - +0 ring mail
rPois    ∞         Reflect  .   f - +0 helmet
rElec    .         Harm     .   o - +0 cloak
rCorr    .         Rampage  .   (no gloves)
Will     .....                  (no boots)
Stlth    +.........             (no amulet)
HPRegen  0.00/turn              (no ring)
MPRegen  0.10/turn              (no ring)

@: no status effects
A: claws 1, cold resistance 1, negative energy resistance 3, inhibited
regeneration, torment resistance 2
a: Renounce Religion


You were on level 3 of the Dungeon.
You worshipped Okawaru.
Okawaru was noncommittal.
You visited 1 branch of the dungeon, and saw 3 of its levels.

You collected 148 gold pieces.

Inventory:

Hand Weapons
 d - a +0 dagger
 i - a +1 dagger of protection
 k - a +2 dagger of pain (weapon)
Missiles
 c - 5 boomerangs of dispersal (quivered)
 g - 7 stones
 h - 2 poisoned darts
 m - 14 bolts
Armour
 a - a +0 leather armour
 e - a +0 ring mail (worn)
 f - a +0 helmet (worn)
 o - a +0 cloak (worn)
Scrolls
 b - a scroll of blinking
 j - a scroll of summoning
 l - a scroll of vulnerability
Potions
 p - a potion of invisibility {unknown}


   Skills:
 + Level 3.2 Fighting
 + Level 1.4 Short Blades
 + Level 0.8 Throwing
 + Level 2.2 Armour
 + Level 2.2 Dodging
 + Level 0.6 Stealth
 + Level 2.3 Unarmed Combat
 + Level 2.0 Spellcasting
 + Level 2.8 Translocations
 + Level 0.1 Invocations


You had 6 spell levels left.
You knew the following spells:

 Your Spells              Type           Power      Damage    Failure   Level
a - Blink                 Tloc           N/A        N/A       30%         2

Your spell library contained the following spells:

 Spells                   Type           Power      Damage    Failure   Level
 Gell's Gravitas          Tloc           2%         N/A       52%         3
 Lesser Beckoning         Tloc           2%         N/A       52%         3
 Teleport Other           Tloc           5%         N/A       52%         3
 Manifold Assault         Tloc           5%         N/A       99%         5
 Petrify                  Tmut/Erth      0%         N/A       100%        4
 Irradiate                Conj/Tmut      0%         3d14      100%        5
 Sublimation of Blood     Necr           Unusable   N/A       N/A         2

Dungeon Overview and Level Annotations

Branches:
Dungeon (3/15)

Altars:
Okawaru
Qazlal


Innate Abilities, Weirdness & Mutations

You thrive by killing the living.
You are immune to poison.
You have sharp fingernails.
Your flesh is cold resistant. (rC+)
You are immune to negative energy. (rN+++)
You do not regenerate when monsters are visible.
You are immune to unholy pain and torment.


Message History

An adder comes into view.
The adder hisses angrily.
The quokka barely misses you.
Casting: Blink (dangerous; 30% risk of failure)
Confirm with . or Enter, or press ? or * to list all spells.
You blink.
Casting: Blink (dangerous; 30% risk of failure)
Confirm with . or Enter, or press ? or * to list all spells.
You blink.
The quokka barely misses you.
The quokka twitches its whiskers.
The quokka bites you but does no damage.
Casting: Blink (dangerous; 30% risk of failure)
Confirm with . or Enter, or press ? or * to list all spells.
You blink.
Splash!
You fall into the shallow water.
Moving in this stuff is going to be slow.
The adder closely misses you. The adder bites you but does no damage.
A rat comes into view.
Found 32 stones.
It was a potion of lignification.
You feel woody for a moment. The adder bites you but does no damage.
A rat comes into view.
The adder bites you but does no damage. The rat bites you but does no damage.
The orc shouts!
The rat bites you but does no damage. The rat misses you. The adder bites you.
* * * LOW HITPOINT WARNING * * *
The rat twitches its whiskers.
Okay, then.
Casting: Blink (dangerous; 30% risk of failure)
Confirm with . or Enter, or press ? or * to list all spells.
You blink.
The orc priest mumbles some strange prayers to Beogh against you.
Beogh smites you!
You die...

.≈..# ..# ... #Z#
...... ...o #.#
.###### #.## #.#
#.. #. ## #Z# .###
#. .# #.. .# #.
#########.######
#.##...............
#.#....S####.######
#.@.o.r......# #
#....rrZ..#### #
#.....o...# #
#.........# #
###.(....##########
##.......r.Z.o...
##..############
#.## # #.


You could see an orc priest, an adder, an orc, a quokka, 2 rats and a ball
python skeleton.

Vanquished Creatures
  2 adders (D:2)
  An adder skeleton (D:3)
  A dart slug (D:1)
  9 orcs (D:3)
  4 ball pythons
  4 endoplasms
  4 giant cockroaches
  7 goblins
  8 hobgoblins
  4 jackals (D:1)
  5 quokkas
  7 bats
  3 frilled lizards
  7 kobolds
  3 rats
69 creatures vanquished.

Vanquished Creatures (collateral kills)
  An ufetubus (D:2)
  A hobgoblin (D:2)
2 creatures vanquished.

Vanquished Creatures (others)
  2 plants (D:1)
2 creatures vanquished.

Grand Total: 73 creatures vanquished

Notes
Turn   | Place    | Note
-------+----------+-------------------------------------------
     0 | D:1      | ktje the Ghoul Warper began the quest for the Orb.
     0 | D:1      | Reached XP level 1. HP: 17/17 MP: 2/2
    82 | D:1      | You fall into a shaft and drop 1 floor!
   208 | D:1      | Reached skill level 1 in Armour
   474 | D:1      | Reached XP level 2. HP: 16/25 MP: 4/4
  1593 | D:1      | Found a faded altar of an unknown god.
  1604 | D:1      | Became a worshipper of Warmaster Okawaru
  1604 | D:1      | Reached * piety under Okawaru
  1670 | D:1      | Reached XP level 3. HP: 30/30 MP: 5/5
  1680 | D:1      | Learned a level 2 spell: Blink
  2551 | D:2      | Found a stormy altar of Qazlal.
  2614 | D:2      | Reached XP level 4. HP: 23/37 MP: 6/6
  2867 | D:2      | Reached skill level 1 in Short Blades
  3407 | D:2      | Reached skill level 3 in Fighting
  3935 | D:3      | Reached XP level 5. HP: 17/45 MP: 7/7
  4059 | D:3      | Killed from afar by an orc priest

Illustrated notes

Levels and vault maps discovered:
D:1:      amcnicky_arrival_wind_blow, layout_basic,
          dilly_ecumenical_altar_fadedgnrine, grunt_decor_junction,
          minmay_misc_feat_five
D:2:      layout_basic, serial_glass, glass_columns_b, glass_columns_a,
          basic_altar
D:3:      minmay_roachtagon, layout_loops_ring, serial_undead, serial_undead_c,
          serial_undead_f, serial_undead_f, serial_undead_f, minmay_quantized

Skill      XL: |  1  2  3  4 |
---------------+-------------+-----
Armour         | 1 2 |  2.2
Spellcasting   | 2 |  2.0
Dodging        | 2 |  2.2
Short Blades   | 1 |  1.4
Fighting       | 3 |  3.2
Throwing       | |  0.8
Stealth        | |  0.6
Unarmed Combat | |  2.3
Translocations | |  2.8
Invocations    | |  0.1

Action                   |  1- 3 |  4- 6 || total
-------------------------+-------+-------++-------
Melee: Dagger            |   240 |   139 ||   379
       Unarmed           |    10 |       ||    10
       Punch             |     1 |     2 ||     3
 Cast: Blink             |     1 |     5 ||     6
Invok: Heroism           |     6 |       ||     6
  Use: Scroll            |     1 |     4 ||     5
       Potion            |       |     1 ||     1
Armor: Leather armour    |    27 |       ||    27
       Ring mail         |    58 |    48 ||   106
Dodge: Dodged            |   135 |    59 ||   194

Table legend: (Time is in decaauts)
 A = Elapsed time spent in this place.
 B = Non-inter-level travel time spent in this place.
 C = Inter-level travel time spent in this place.
 D = Time resting spent in this place.
 E = Time spent auto-exploring this place.
 F = Levels seen in this place.
 G = Mean time per level.
                   A        B        C        D        E       F      G
               +--------+--------+--------+--------+--------+-----+--------+
         Total |   4035 |   3948 |     87 |   1825 |   1412 |   3 | 1345.0 |
       Dungeon |   4035 |   3948 |     87 |   1825 |   1412 |   3 | 1345.0 |
               +--------+--------+--------+--------+--------+-----+--------+

Top non-repeatable levels by time:
     D:1: 2522 daAuts
     D:2: 977 daAuts
     D:3: 535 daAuts
